 Dungeon Crawl Stone Soup version 0.32-a0-876-gcfddb08 (webtiles) character file.

Game seed: 3939462047473751904

7644 Draconius the Basher (level 11, 0/68 HPs)
             Began as a Gargoyle Earth Elementalist on Apr 1, 2024.
             Was a Believer of Trog.
             Killed by divine providence
             ... invoked by a balrug
              (7 damage)
             ... on level 1 of the Abyss.
             The game lasted 00:34:37 (8559 turns).

Draconius the Basher (Gargoyle Earth Elementalist)  Turns: 8559, Time: 00:34:38

Health: 0/68       AC: 26    Str: 16    XL:     11   Next: 18%
Magic:  0/23       EV:  8    Int: 16    God:    Trog [**....]
Gold:   552        SH:  0    Dex: 10    Spells: 13/14 levels left

rFire   . . .        E - +11 hammer of Beyond {speed, rN+ Will+}
rCold   + . .        (no shield)
rNeg    + + .        q - +1 chain mail
rPois   ∞            (no helmet)
rElec   +            G - +2 cloak {rPois}
rCorr   .            w - +2 pair of gloves
SInv    .            (no boots)
Will    +++..        K - amulet of guardian spirit Stlth
                     U - ring of protection from cold
HPRegen 1.31/turn    Q - ring of magical power
MPRegen 0.18/turn

%: guardian spirit
@: strong-willed, regenerating
A: sickness immunity, AC +8, negative energy resistance 1, electricity
resistance, torment resistance 1, petrification resistance
a: Renounce Religion, Berserk, Trog's Hand


You were on level 1 of the Abyss.
You worshipped Trog.
Trog was pleased with you.
You visited 3 branches of the dungeon, and saw 11 of its levels.
You visited the Abyss 1 time.

You collected 552 gold pieces.

Inventory:

Hand Weapons
 d - a +1 flail of draining
 j - a +0 dagger of freezing
 u - a +1 flail of protection
 z - a +0 war axe
 A - a +0 flail
 D - the +9 hammer of Awkwardness {heavy, rF+ Int+3 SInv}
   (You found it on level 6 of the Dungeon)

   Int+3:     It affects your intelligence (+3).
   rF+:       It protects you from fire.
   SInv:      It lets you see invisible.
 E - the +11 hammer of Beyond (weapon) {speed, rN+ Will+}
   (You found it on level 6 of the Dungeon)

   rN+:       It protects you from negative energy.
   Will+:     It increases your willpower.
 F - a +1 hammer of draining
 O - a +3 battleaxe
 V - a +1 dire flail of holy wrath
Missiles
 f - 2 throwing nets
 p - 2 datura-tipped darts
 y - 19 poisoned darts
 B - 8 boomerangs
Armour
 k - a +0 ring mail
 q - a +1 chain mail (worn)
 w - a +2 pair of gloves (worn)
 G - a +2 cloak of poison resistance (worn)
 J - +0 steam dragon scales
Jewellery
 i - a ring of resist corrosion
 K - an amulet of guardian spirit (around neck)
 M - a +6 ring of intelligence
 Q - a ring of magical power (right hand)
 U - a ring of protection from cold (left hand)
Talismans
 P - a talisman of death
Wands
 a - a wand of flame (23)
 C - a wand of paralysis (12)
 S - a wand of quicksilver (6)
Scrolls
 c - 3 scrolls of immolation
 e - 4 scrolls of teleportation
 g - 3 scrolls of enchant weapon
 h - a scroll of amnesia {unknown}
 m - 4 scrolls of poison {unknown}
 n - a scroll of acquirement {unknown}
 s - 3 scrolls of blinking {unknown}
 H - a scroll of summoning {unknown}
 L - a scroll of fog {unknown}
 N - 2 scrolls of revelation {unknown}
 T - a scroll of brand weapon {unknown}
Potions
 b - a potion of magic
 l - 2 potions of lignification
 o - a potion of invisibility
 r - 3 potions of attraction
 x - a potion of cancellation
 I - a potion of heal wounds {unknown}
 R - a potion of brilliance {unknown}


   Skills:
 + Level 8.1 Fighting
 - Level 0.2 Short Blades
 * Level 9.2 Maces & Flails
 + Level 8.1 Armour
 + Level 6.1 Dodging
 - Level 3.2 Stealth
 - Level 2.0 Spellcasting
 - Level 1.4 Conjurations
 - Level 4.1 Earth Magic
 - Level 2.1 Invocations
 + Level 4.8 Evocations


You had 13 spell levels left.
You knew the following spells:

 Your Spells              Type           Power      Damage    Failure   Level
a - Sandblast             Erth           28%        2d8       34%         1

Your spell library contained the following spells:

 Spells                   Type           Power      Damage    Failure   Level
 Passwall                 Erth           14%        N/A       71%         3
 Stone Arrow              Conj/Erth      20%        3d8       87%         3
 Call Imp                 Summ           2%         N/A       95%         2
 Dazzling Flash           Conj/Hex       6%         N/A       99%         3
 Mephitic Cloud           Conj/Alch/Air  3%         N/A       99%         3
 Sigil of Binding         Hex            1%         N/A       99%         3
 Volatile Blastmotes      Fire/Tloc      2%         2d10      99%         3
 Brom's Barrelling Bould  Conj/Erth      10%        2d3       99%         4
 Anguish                  Hex/Necr       0%         N/A       100%        4
 Petrify                  Alch/Erth      8%         N/A       100%        4
 Vhi's Electric Charge    Tloc/Air       2%         N/A       100%        4
 Curse of Agony           Necr           1%         N/A       100%        5
 Silence                  Hex/Air        0%         N/A       100%        5
 Bombard                  Conj/Erth      5%         9d2       100%        6
 Summon Hydra             Summ           0%         N/A       100%        7
 Sublimation of Blood     Necr           Unusable   N/A       N/A         2

Dungeon Overview and Level Annotations

Branches:
Dungeon (9/15)             Temple (1/1) D:5            Lair (1/5) D:9
    Orc: D:9-12

Altars:
Ashenzari
Cheibriados
Dithmenos
Elyvilon
Fedhas
Gozag
Hepliaklqana
Kikubaaqudgha
Makhleb
Nemelex Xobeh
Okawaru
Qazlal
Ru
Sif Muna
Trog
Uskayaw
Vehumet
Wu Jian
Xom
Yredelemnul
Zin
The Shining One

Shops:
D:3 [   D:6 :   D:7 (

Annotations:
D:3 2 transporters, znke's ghost, amateur OnIE
D:4 1 runed translucent door, lyrin's ghost, weakling OnDe
Lair:1 Sonja


Innate Abilities, Weirdness & Mutations

You are immune to sickness and miasma.
Your stone body is resilient. (AC +8)
You are immune to poison.
You resist negative energy. (rN+)
You are resistant to electric shocks. (rElec)
You are resistant to unholy torment.
You are immune to petrification.


Message History

Unknown command.
The hell hound closely misses you.
You hit the hell hound.
The hell hound is lightly wounded.
The hell hound bites you.
You hit the hell hound.
The hell hound is moderately wounded.
The hell hound bites you but does no damage.
You sock the hell hound!
The hell hound is severely wounded.
The hell hound bites you.
The hell hound attacks as it pursues you!
The hell hound bites you but does no damage. x2
The hell hound disappears in a puff of smoke!
The obsidian bat barely misses you. The obsidian bat barely misses you.
You recover from your berserk rage.
You feel the effects of Trog's Hand fading.
A tentacle flies out from the starspawn's body!
A starspawn tentacle comes into view.
You are suddenly pulled into a different region of the Abyss!
Found a gateway leading deeper into the Abyss.
Your skin stops crawling.
You feel less strong-willed.
Found a gateway leading deeper into the Abyss.
A balrug comes into view.
It is wielding a +0 demon whip of draining.
The balrug shouts!
The balrug gestures at you.
The fireball explodes!
The fireball engulfs you!! The balrug gestures at you.
The fireball explodes!
The fireball engulfs you! The balrug gestures at you.
The fireball explodes!
The fireball engulfs you!!!
* * * LOW HITPOINT WARNING * * *
You hear a screech!
Okay, then.
Your skin crawls.
You feel strong-willed. The balrug gestures at you. Something smites you!
You die...

###.... ......... ##..>.
. ......... ..
.........# .. ..
................. ...#..
.............### .>....
................ .2....
..
...........######..... .
......................##
.......
........@....##... # ##
#..#..............## .
.................... # .
..........#...### .
.......#..........#
..................#..
... .................
.........#........##.
...............##


You could see a balrug.

Vanquished Creatures
  A skyshark (Lair:1)
  A deep elf pyromancer (D:8)
  An elephant (D:9)
  A kobold demonologist (D:7)
  A komodo dragon (D:9)
  A shadow (D:9)
  2 wyverns (D:9)
  Eustachio (D:6)
  2 basilisks (D:9)
  9 yaks
  3 steam dragons
  Edmund (D:6)
  2 orc warriors (D:9)
  An ice beast (D:5)
  4 sky beasts
  2 centaurs (D:6)
  A phantom (D:5)
  2 kobold brigands
  Blork the orc (D:6)
  5 bullfrogs
  2 scorpions
  10 wights
  7 killer bees (D:9)
  6 howler monkeys
  A bombardier beetle (D:3)
  3 hounds
  Crazy Yiuf (D:6)
  2 orc priests
  4 iguanas
  5 orc wizards
  6 adders
  2 shadow imps
  A white imp (D:6)
  2 ufetubi (D:4)
  2 dart slugs
  2 ribbon worms
  23 orcs
  5 bats
  5 endoplasms
  A giant cockroach (D:4)
  12 goblins
  9 hobgoblins
  5 quokkas
  4 ball pythons
  3 frilled lizards
  18 kobolds
  6 rats
189 creatures vanquished.

Vanquished Creatures (others)
  5 starspawn tentacles (Abyss:1)
5 creatures vanquished.

Grand Total: 194 creatures vanquished

Notes
Turn   | Place    | Note
-------+----------+-------------------------------------------
     0 | D:1      | Draconius the Gargoyle Earth Elementalist began the quest
                  | for the Orb.
     0 | D:1      | Reached XP level 1. HP: 10/10 MP: 3/3
   234 | D:1      | Found a faded altar of an unknown god.
   283 | D:1      | Reached XP level 2. HP: 15/15 MP: 3/5
   338 | D:1      | Prayed at the altar of an unknown god.
   338 | D:1      | Became a worshipper of Trog the Wrathful
   338 | D:1      | Reached * piety under Trog
   942 | D:1      | Found Ygedghi's Magic Scroll Shoppe.
  1015 | D:2      | Found a blossoming altar of Fedhas.
  1115 | D:2      | Reached XP level 3. HP: 20/20 MP: 6/6
  1125 | D:2      | Reached skill level 1 in Fighting
  1222 | D:2      | Reached skill level 1 in Invocations
  1227 | D:2      | You fall into a shaft and drop 1 floor!
  1256 | D:3      | Reached skill level 1 in Armour
  1291 | D:3      | Reached XP level 4. HP: 25/25 MP: 7/7
  1468 | D:2      | Reached ** piety under Trog
  1731 | D:3      | Found a transporter.
  1732 | D:3      | Noticed znke's ghost (amateur OnIE)
  1733 | D:3      | Found a transporter.
  1733 | D:3      | Noticed an ogre
  1842 | D:3      | Found Ydeu's Armour Shoppe.
  1863 | D:3      | Reached XP level 5. HP: 24/30 MP: 8/8
  2296 | D:3      | Reached skill level 1 in Maces & Flails
  2537 | D:4      | Found a runed translucent door.
  2538 | D:4      | Noticed lyrin's ghost (weakling OnDe)
  2564 | D:4      | Noticed a kobold brigand
  2566 | D:4      | Reached XP level 6. HP: 34/36 MP: 9/9
  2583 | D:4      | Reached skill level 2 in Maces & Flails
  3139 | D:5      | Entered Level 5 of the Dungeon
  3239 | D:5      | Noticed an ice beast
  3251 | D:5      | Killed an ice beast
  3252 | D:5      | Reached XP level 7. HP: 41/41 MP: 10/10
  3327 | D:5      | Reached skill level 3 in Maces & Flails
  3349 | D:5      | Found a staircase to the Ecumenical Temple.
  3358 | Temple   | Entered the Ecumenical Temple
  4117 | D:6      | Noticed Blork the orc
  4123 | D:6      | Killed Blork the orc
  4162 | D:6      | Noticed a steam dragon
  4173 | D:6      | Killed a steam dragon
  4229 | D:6      | Noticed Edmund
  4237 | D:6      | Killed Edmund
  4238 | D:6      | Reached XP level 8. HP: 48/48 MP: 11/11
  4251 | D:6      | Reached skill level 4 in Maces & Flails
  4458 | D:6      | Reached skill level 5 in Fighting
  4458 | D:6      | Reached skill level 5 in Armour
  4488 | D:6      | Found Ischidi's Tremendous Tomes.
  4625 | D:6      | Identified the +9 hammer of Awkwardness {heavy, rF+ Int+3
                  | SInv}
  4628 | D:6      | Identified the +11 hammer of Beyond {speed, rN+ Will+}
  4643 | D:6      | Found a runed translucent door.
  4644 | D:6      | Noticed Crazy Yiuf
  4653 | D:6      | Killed Crazy Yiuf
  4944 | D:6      | Noticed Eustachio
  4950 | D:6      | Killed Eustachio
  4951 | D:6      | Reached skill level 1 in Evocations
  5129 | D:7      | Reached skill level 5 in Maces & Flails
  5129 | D:7      | Reached XP level 9. HP: 50/54 MP: 12/12
  5262 | D:7      | Noticed a kobold demonologist
  5288 | D:7      | Noticed an orange demon
  5290 | D:7      | Noticed a sixfirhy
  5294 | D:7      | Killed a kobold demonologist
  5344 | D:7      | Found a shimmering blue altar of Sif Muna.
  5350 | D:7      | Got Dyfirun's Teachings on Glamour
  5548 | D:7      | Found a white marble altar of Elyvilon.
  5635 | D:7      | Found a blossoming altar of Fedhas.
  5668 | D:7      | Found Acrorph's Weapon Boutique.
  5964 | D:7      | Found a basalt altar of Yredelemnul.
  6154 | D:8      | Reached skill level 6 in Maces & Flails
  6430 | D:8      | Noticed a deep elf pyromancer
  6442 | D:8      | Killed a deep elf pyromancer
  6443 | D:8      | Reached skill level 7 in Maces & Flails
  6443 | D:8      | Reached skill level 5 in Dodging
  6443 | D:8      | Reached XP level 10. HP: 59/61 MP: 13/13
  7036 | D:9      | Reached skill level 8 in Maces & Flails
  7190 | D:9      | Noticed an elephant
  7209 | D:9      | Killed an elephant
  7220 | D:9      | Found a staircase to the Lair.
  8018 | Lair:1   | Entered Level 1 of the Lair of Beasts
  8018 | Lair:1   | Noticed a skyshark
  8035 | Lair:1   | Killed a skyshark
  8036 | Lair:1   | Reached XP level 11. HP: 68/68 MP: 13/14
  8250 | D:9      | Reached skill level 9 in Maces & Flails
  8472 | Lair:1   | Noticed Sonja
  8483 | Abyss:1  | Cast into level 1 of the Abyss (Sonja)
  8513 | Abyss:1  | Noticed a tentacled starspawn
  8518 | Abyss:1  | Noticed an obsidian bat
  8555 | Abyss:1  | Noticed a balrug
  8559 | Abyss:1  | Killed from afar by a balrug

Illustrated notes

Levels and vault maps discovered:
D:1:      mrwooster_arrival_arrow, layout_basic,
          ebering_ecumenical_altar_petrified, serial_shops, shop
D:2:      layout_rooms, basic_altar
D:3:      layout_basic, serial_shops, nicolae_shop_statue_plus,
          gammafunk_ghost_smash
D:4:      kennysheep_the_goblin_king, layout_rooms,
          ebering_ghost_reflecting_pool, dreamdust_princess_bridge,
          serial_bayou_pond_d
D:5:      layout_loops_corners, minmay_temple_entry_junction
D:6:      layout_loops_ring, nicolae_shop_i_like_big_books, uniq_eustachio,
          uniq_blork_the_orc, uniq_edmund, uniq_crazy_yiuf_cottage
D:7:      layout_loops_ring, fedhas_altar_decomposition, kennysheep_ying_yang,
          serial_shops, shop, serial_library_hellmonk_narrow_alcove
D:8:      layout_rooms
D:9:      layout_stronghold, david_lair_generic
Temple:   compressed_dpeg_triangle_lava_temple
Lair:1:   layout_roguey, uniq_sonja
Abyss:1:  base: D:8, hangedman_cross_veins

Skill      XL: |  1  2  3  4  5  6  7  8  9 10 11 |
---------------+----------------------------------+-----
Earth Magic    | 4 |  4.1
Fighting       | 1 2 3 4 5 6 7 8 |  8.1
Invocations    | 1 2 |  2.1
Armour         | 1 2 3 4 5 6 7 8 |  8.1
Stealth        | 3 |  3.2
Maces & Flails | 1 2 3 5 7 8 9 |  9.2
Dodging        | 2 3 4 5 6 |  6.1
Evocations     | 1 3 4 |  4.8
Short Blades   | |  0.2
Spellcasting   | |  2.0
Conjurations   | |  1.4

Action                     |  1- 3 |  4- 6 |  7- 9 | 10-12 || total
---------------------------+-------+-------+-------+-------++-------
  Melee: Club              |     3 |       |       |       ||     3
         Dagger            |   105 |    93 |       |       ||   198
         Flail             |       |   137 |   127 |       ||   264
         Mace              |       |       |   162 |   203 ||   365
  Throw: Dart              |       |     2 |    19 |       ||    21
   Cast: Sandblast         |     9 |       |       |       ||     9
 Invoke: Berserk           |     1 |     7 |    12 |    10 ||    30
         Trog's Hand       |       |     3 |     2 |     7 ||    12
    Use: Potion            |       |     2 |       |     3 ||     5
         Scroll            |       |     8 |     3 |     2 ||    13
   Stab: Sleeping          |     2 |       |       |       ||     2
 Armour: Robe              |     3 |       |       |       ||     3
         Ring mail         |    23 |       |       |       ||    23
         Chain mail        |    29 |   248 |   266 |   165 ||   708
         Skin              |       |    71 |       |       ||    71
  Dodge: Dodged            |    39 |    94 |    82 |    75 ||   290

Table legend: (Time is in decaauts)
 A = Elapsed time spent in this place.
 B = Non-inter-level travel time spent in this place.
 C = Inter-level travel time spent in this place.
 D = Time resting spent in this place.
 E = Time spent auto-exploring this place.
 F = Levels seen in this place.
 G = Mean time per level.
                   A        B        C        D        E       F      G
               +--------+--------+--------+--------+--------+-----+--------+
         Total |   8800 |   8434 |    366 |   1204 |   5197 |  12 |  733.3 |
       Dungeon |   8512 |   8146 |    366 |   1157 |   5088 |   9 |  945.8 |
        Temple |     17 |     17 |      0 |      0 |      0 |   1 |   17.0 |
          Lair |    180 |    180 |      0 |     46 |    109 |   1 |  180.0 |
         Abyss |     90 |     90 |      0 |      0 |      0 |   1 |   90.0 |
               +--------+--------+--------+--------+--------+-----+--------+

Top non-repeatable levels by time:
     D:9: 1522 daAuts
     D:7: 1066 daAuts
     D:1: 1031 daAuts
     D:6: 1026 daAuts
     D:5: 995 daAuts
     D:3: 888 daAuts
     D:4: 852 daAuts
     D:8: 659 daAuts
     D:2: 470 daAuts
  Lair:1: 180 daAuts
 Abyss:1: 90 daAuts
  Temple: 17 daAuts
